 Dungeon Crawl Stone Soup version 0.21-a0-552-g593960d (webtiles) character file.

81 Megalobster the Firebug (level 4, -3/24 HPs)
             Began as a Deep Elf Fire Elementalist on Dec 17, 2017.
             Killed from afar by Sigmund (8 damage)
             ... with a magic dart
             ... on level 2 of the Dungeon.
             The game lasted 00:05:39 (2110 turns).

Megalobster the Firebug (DEFE)                      Turns: 2110, Time: 00:05:39

Health: -3/24      AC:  3    Str:  5    XL:     4   Next: 19%
Magic:  6/11       EV: 13    Int: 21    God:
Gold:   80         SH:  0    Dex: 15    Spells: 4/10 levels left

rFire    . . .     SeeInvis .   f - +0 dagger (drain)
rCold    . . .     Gourm    .   (no shield)
rNeg     . . .     Faith    .   a - +0 robe
rPois    .         Spirit   .   (no helmet)
rElec    .         Reflect  .   (no cloak)
rCorr    .         Harm     .   (no gloves)
MR       .....                  d - +0 pair of boots
Stlth    ++........             (no amulet)
HPRegen  0.08/turn              (no ring)
MPRegen  0.12/turn              (no ring)

@: no status effects
A: no striking features
a: no special abilities


You were on level 2 of the Dungeon.
You were hungry.

You visited 1 branch of the dungeon, and saw 2 of its levels.

You collected 80 gold pieces.

Inventory:

Hand Weapons
 f - a +0 dagger of draining (weapon)
Missiles
 e - 10 stones (quivered)
Armour
 a - a +0 robe (worn)
 d - a +0 pair of boots (worn)
Scrolls
 l - a scroll of identify {unknown}
Potions
 g - a potion of magic {unknown}
 h - a potion of curing {unknown}
 k - a potion of cancellation {unknown}
Books
 b - a book of Flames

   Spells                             Type                      Level
   a - Flame Tongue                   Conjuration/Fire             1
   b - Throw Flame                    Conjuration/Fire             2
   c - Conjure Flame                  Conjuration/Fire             3
   d - Inner Flame                    Hexes/Fire                   3
   e - Sticky Flame                   Conjuration/Fire             4
   f - Fireball                       Conjuration/Fire             5
Comestibles
 c - a bread ration
 i - 2 chunks of flesh
 j - a meat ration


   Skills:
 + Level 3.2 Dodging
 - Level 2.4 Stealth
 + Level 3.8 Spellcasting
 * Level 2.9 Conjurations
 + Level 3.8 Fire Magic


You had 4 spell levels left.
You knew the following spells:

 Your Spells              Type           Power        Failure   Level  Hunger
a - Flame Tongue          Conj/Fire      ###..        3%          1    None
b - Throw Flame           Conj/Fire      ###...       4%          2    #......
c - Conjure Flame         Conj/Fire      ###.....     9%          3    ###....


Dungeon Overview and Level Annotations

Branches:
Dungeon (2/15)

Altars:

Annotations:
D:2 Sigmund


Message History

Press: ? - help, Dir - move target cursor The fire ignites!
Found a stone staircase leading down.
You are feeling hungry.
Sigmund appears from thin air!
Reactivating autopickup.
Casting: Conjure Flame
Confirm with . or Enter, or press ? or * to list all spells.
Aiming: Conjure Flame
Press: ? - help, Dir - move target cursor The fire ignites!
Casting: Conjure Flame
Confirm with . or Enter, or press ? or * to list all spells.
Aiming: Throw Flame
Press: ? - help, Shift-Dir - straight line, f - Sigmund
Aim: Sigmund, wielding a scythe and wearing a robe The puff of flame misses Sigmund.
Sigmund gestures at you while chanting. The magic dart hits you!
You die...

# ##### ######.
#...##########.....#
#......ยง@...........
#..@##########.##### ##.##
#....... #########.# #..####.
#.......#.## #..####. ##.##
#....#########..##... ##...##
#..<............##.##
#####.....####...########...##.##
.............>....# #...##.##
#####.............# #........


You could see Sigmund.

Vanquished Creatures
  Jessica (D:2)
  An ooze (D:1)
  3 worms
  2 dart slugs
  A leopard gecko (D:1)
  A bat (D:1)
  A giant cockroach (D:1)
  8 goblins
  7 hobgoblins (D:1)
  2 jackals
  2 kobolds (D:1)
  A ball python (D:1)
  A frilled lizard (D:1)
  4 rats (D:1)
35 creatures vanquished.

Notes
Turn   | Place    | Note
-------+----------+-------------------------------------------
     0 | D:1      | Megalobster the Deep Elf Fire Elementalist began the quest for the Orb.
     0 | D:1      | Reached XP level 1. HP: 10/10 MP: 6/6
   235 | D:1      | Reached XP level 2. HP: 15/15 MP: 8/8
   239 | D:1      | Learned a level 2 spell: Throw Flame
   849 | D:1      | Reached XP level 3. HP: 16/19 MP: 5/9
  1833 | D:2      | Learned a level 3 spell: Conjure Flame
  1839 | D:2      | Noticed Jessica
  1844 | D:2      | Killed Jessica
  1844 | D:2      | Reached XP level 4. HP: 16/24 MP: 5/11
  2060 | D:2      | Noticed Sigmund
  2110 | D:2      | Killed from afar by Sigmund

Vault maps used:
D:1:      wheals_arrival_linesprint, hangedman_decor_growths
D:2:      uniq_crazy_yiuf_cottage, uniq_sigmund, uniq_jessica

Skill      XL: |  1  2  3 |
---------------+----------+-----
Conjurations   | 2 |  2.9
Dodging        | 3 |  3.2
Stealth        | |  2.4
Spellcasting   | |  3.8
Fire Magic     | |  3.8

Action                   |  1- 3 |  4- 6 || total
-------------------------+-------+-------++-------
Melee: Dagger            |    42 |     1 ||    43
 Cast: Flame Tongue      |    32 |     4 ||    36
       Throw Flame       |    23 |     1 ||    24
       Conjure Flame     |     1 |     2 ||     3
 Stab: Sleeping          |     1 |     1 ||     2
  Eat: Chunk             |     4 |       ||     4
Armor: Robe              |     8 |       ||     8
Dodge: Dodged            |    28 |     2 ||    30

Table legend:
 A = Spawn XP
 B = Non-spawn XP
 C = Spawn XP percentage of total XP
 D = Spawn monster count
 E = Non-spawn monster count
 F = Spawn count percentage of total count
 G = Total turns spent on level
                    A         B        C        D         E        F      G
               +---------+---------+-------+---------+---------+-------+---------
         Total |       0 |     116 |   0.0 |       0 |      35 |   0.0 |  2110
               +---------+---------+-------+---------+---------+-------+---------
           D:1 |       0 |      62 |   0.0 |       0 |      29 |   0.0 |  1761
           D:2 |       0 |      54 |   0.0 |       0 |       6 |   0.0 |   349
               +---------+---------+-------+---------+---------+-------+---------
